 Dungeon Crawl Stone Soup version 0.24.0-1-gfbc8707 (webtiles) character file.

Game seed: 13497365903342125816, levelgen mode: deterministic

71 Illumine the Caller (level 4, -1/24 HPs)
             Began as a Tengu Summoner on Dec 2, 2019.
             Slain by a gnoll
             ... wielding a +0 spear
              (10 damage)
             ... on level 4 of the Dungeon.
             The game lasted 00:06:44 (2736 turns).

Illumine the Caller (Tengu Summoner)                Turns: 2736, Time: 00:06:45

Health: -1/24      AC:  2    Str:  8    XL:     4   Next: 24%
Magic:  5/9        EV: 13    Int: 17    God:
Gold:   84         SH:  0    Dex: 14    Spells: 0/8 levels left

rFire    x . .     SeeInvis .   r - +0 falchion
rCold    + . .     Gourm    .   (no shield)
rNeg     . . .     Faith    .   a - +0 robe
rPois    .         Spirit   .   (helmet restricted)
rElec    .         Reflect  .   (no cloak)
rCorr    .         Harm     .   (no gloves)
MR       .....                  (boots unavailable)
Stlth    ++........             (no amulet)
HPRegen  0.08/turn              s - ring of ice
MPRegen  0.11/turn              (no ring)

@: no status effects
A: beak, talons 3
a: no special abilities


You were on level 4 of the Dungeon.
You were not hungry.

You visited 1 branch of the dungeon, and saw 4 of its levels.

You collected 84 gold pieces.

Inventory:

Hand Weapons
 n - a +0 spear
 o - a +1 dagger of protection
 r - a +0 falchion (weapon)
Missiles
 h - 150 stones (quivered)
 j - 23 sling bullets
 p - 22 poisoned darts
Armour
 a - a +0 robe (worn)
Jewellery
 s - a ring of ice (left hand)
Scrolls
 d - 3 scrolls of identify
 k - a scroll of blinking {unknown}
 l - 3 scrolls of remove curse
 m - a scroll of teleportation {unknown}
 t - a scroll of noise {unknown}
Potions
 b - a potion of mutation
 e - 2 potions of cancellation {unknown}
 f - 2 potions of curing {unknown}
 g - a potion of invisibility {unknown}
 i - a potion of might {unknown}
 q - a potion of degeneration {unknown}
 v - a potion of lignification {unknown}
Comestibles
 c - 5 rations
 u - 3 chunks of flesh


   Skills:
 + Level 3.0 Dodging
 - Level 2.0 Stealth
 + Level 2.8 Spellcasting
 + Level 5.7 Summonings


You couldn't memorise any spells.
You knew the following spells:

 Your Spells              Type           Power        Failure   Level  Hunger
a - Summon Small Mammal   Summ           ###.         1%          1    #......
b - Call Imp              Summ           ###.....     2%          2    ##.....
c - Call Canine Familiar  Summ           ###.....     4%          3    ###....
d - Blink                 Tloc           N/A          26%         2    ##.....

Your spell library contained the following spells:

 Spells                   Type           Power        Failure   Level  Hunger
 Summon Guardian Golem    Hex/Summ       ##......     16%         3    ###....
 Magic Dart               Conj           #...         19%         1    #......
 Slow                     Hex            #.......     26%         2    ##.....
 Conjure Flame            Conj/Fire      #.......     47%         3    ###....
 Mephitic Cloud           Conj/Pois/Air  #.......     47%         3    ###....
 Summon Ice Beast         Ice/Summ       ###.....     47%         4    #####..
 Summon Lightning Spire   Summ/Air       ##......     47%         4    #####..


Dungeon Overview and Level Annotations

Branches:
Dungeon (4/15)
 Temple: D:4-7

Altars:

Annotations:
D:2 Sigmund


Innate Abilities, Weirdness & Mutations

You have a beak for a mouth.
You have claws for feet.


Message History

The gnoll is heavily wounded.
Your white imp gestures at the gnoll.
The puff of frost hits the gnoll.
The gnoll dies!
Your Dodging skill increases to level 3!
Your crimson imp hits the gnoll.
The gnoll closely misses you.
Your white imp closely misses the gnoll.
The gnoll hits you with a +0 spear!
Your crimson imp hits the gnoll.
Your white imp barely misses the gnoll.
Things that are here:
a cursed -3 club; a gnoll corpse You closely miss the gnoll.
Your peck misses the gnoll.
The gnoll is moderately wounded.
The gnoll hits you with a +0 spear!
Your crimson imp hits the gnoll but does no damage.
Your white imp hits the gnoll but does no damage.
You hit the gnoll. You peck the gnoll.
The gnoll is severely wounded.
The gnoll hits you with a +0 spear!
You die...

#......# #..........
#......#####........##..
#......# ..............#
#[.....##.#............
#........g............#
#......# #.......#
#.....<# #.......#
#......# ###..g5...#
#......####...#5@...#
..#..##.......#....##
....###.............#
..#####.............#
.....................#
..#####...รท...........$
..# #.............###.
..# #.............# .
### #...###########


You could see a gnoll, a friendly crimson imp and a friendly white imp.

Vanquished Creatures
  A gnoll (D:4)
  A dart slug (D:2)
  A giant cockroach (D:1)
  A goblin (D:1)
  2 hobgoblins
  3 kobolds
  6 bats
  3 frilled lizards
  A rat (D:2)
19 creatures vanquished.

Vanquished Creatures (collateral kills)
  A gnoll (D:4)
  3 adders
  2 worms (D:2)
  A dart slug (D:1)
  2 leopard geckos
  A ball python (D:3)
  3 giant cockroaches (D:1)
  4 goblins
  4 hobgoblins
  3 jackals (D:1)
  A quokka (D:2)
  2 bats
  A frilled lizard (D:2)
  A kobold (D:1)
  2 rats
31 creatures vanquished.

Grand Total: 50 creatures vanquished

Notes
Turn   | Place    | Note
-------+----------+-------------------------------------------
     0 | D:1      | Illumine the Tengu Summoner began the quest for the Orb.
     0 | D:1      | Reached XP level 1. HP: 10/10 MP: 4/4
   323 | D:1      | Reached skill level 5 in Summonings
   441 | D:1      | Reached XP level 2. HP: 15/15 MP: 1/6
   491 | D:1      | Learned a level 2 spell: Call Imp
  1495 | D:2      | Reached XP level 3. HP: 19/19 MP: 5/7
  1703 | D:2      | Noticed Sigmund
  1750 | D:2      | Learned a level 3 spell: Call Canine Familiar
  2434 | D:3      | Reached XP level 4. HP: 24/24 MP: 9/9
  2440 | D:3      | Learned a level 2 spell: Blink
  2736 | D:4      | Slain by a gnoll

Levels and vault maps discovered:
D:1:      psy_arrival_statuary, layout_basic
D:2:      layout_rooms, chequers_temple_overflow_statue_of_worship,
          uniq_natasha, uniq_sigmund
D:3:      layout_loops_ring
D:4:      layout_rooms, bh_walls_and_bars, uniq_eustachio

Skill      XL: |  1  2  3  4 |
---------------+-------------+-----
Summonings     | 5 |  5.7
Dodging        | 3 |  3.0
Stealth        | |  2.0
Spellcasting   | |  2.8

Action                   |  1- 3 |  4- 6 || total
-------------------------+-------+-------++-------
Melee: Whip              |    14 |       ||    14
       Kick              |     5 |     1 ||     6
       Spear             |     6 |       ||     6
       Peck              |     3 |     1 ||     4
       Falchion          |     9 |    11 ||    20
       Dagger            |     8 |       ||     8
 Cast: Summon Small Mamm |    16 |       ||    16
       Call Imp          |    28 |     4 ||    32
  Use: Scroll            |     2 |       ||     2
 Stab: Sleeping          |     4 |       ||     4
  Eat: Chunk             |     6 |     2 ||     8
Armor: Robe              |    10 |     4 ||    14
Dodge: Dodged            |    31 |    11 ||    42
       Rpst.: Falchion   |     1 |     3 ||     4
